 Seeded DCSS version 0.31-a0-16-g6d2539766c (webtiles) character file.

Game seed: 20230508 (custom seed)

846 muata the Grappler (level 7, -1/57 HPs)
             Began as a Minotaur Monk on May 8, 2023.
             Shot with an arrow by a centaur (11 damage)
             ... on level 5 of the Dungeon.
             The game lasted 00:10:00 (3447 turns).

muata the Grappler (Minotaur Monk)                  Turns: 3447, Time: 00:10:00

Health: -1/57      AC:  3    Str: 16    XL:     7   Next: 68%
Magic:  15/15      EV: 13    Int:  7    God:
Gold:   264        SH:  0    Dex: 14    Spells: 6/6 levels left

rFire   . .          .
                       - Unarmed
rCold   . . .        c - orb {light}
rNeg    . . .        a - +0 robe
rPois   .            (helmet restricted)
rElec   .            (no cloak)
rCorr   .            (no gloves)
SInv    .            j - +0 pair of boots
Will    .....        (no amulet)
Stlth   +            k - ring of magical power
HPRegen 0.29/turn    (no ring)
MPRegen 0.14/turn

%: no passive effects
@: glowing
A: horns 2, retaliatory headbutt
a: no special abilities


You were on level 5 of the Dungeon.
You visited 1 branch of the dungeon, and saw 5 of its levels.

You collected 264 gold pieces.

Inventory:

Missiles
 p - 2 poisoned darts (quivered)
Armour
 a - a +0 robe (worn)
 c - an orb of light (worn)
 j - a +0 pair of boots (worn)
Jewellery
 k - a ring of magical power (left hand)
Wands
 x - a wand of iceblast (7)
Scrolls
 d - 2 scrolls of noise
 e - 2 scrolls of enchant weapon
 f - 2 scrolls of immolation
 h - 2 scrolls of fog {unknown}
 i - a scroll of fear {unknown}
 n - a scroll of brand weapon {unknown}
 o - a scroll of vulnerability {unknown}
 w - a scroll of enchant armour {unknown}
 y - a scroll of identify {unknown}
Potions
 b - a potion of ambrosia
 g - a potion of haste {unknown}
 l - 2 potions of invisibility {unknown}
 m - a potion of heal wounds {unknown}
 q - a potion of mutation {unknown}
 r - 2 potions of cancellation {unknown}
 t - a potion of berserk rage {unknown}
 u - a potion of experience {unknown}
 v - a potion of curing {unknown}


   Skills:
 - Level 3.6 Fighting
 - Level 3.2 Dodging
 + Level 10.1 Unarmed Combat


You had 6 spell levels left.
You didn't know any spells.
Your spell library contained the following spells:

 Spells                   Type           Power      Damage    Failure   Level
 Beastly Appendage        Tmut           0%         N/A       43%         1
 Wereblood                Tmut           0%         N/A       56%         2
 Ozocubu's Armour         Ice            0%         N/A       80%         3
 Spider Form              Tmut/Pois      0%         N/A       80%         3
 Ozocubu's Refrigeration  Ice            0%         4d7       100%        7


Dungeon Overview and Level Annotations

Branches:
Dungeon (5/15)
 Temple: D:4-7

Altars:


Innate Abilities, Weirdness & Mutations

You have a pair of horns on your head.
You reflexively headbutt those who attack you in melee.


Message History

A yak comes into view.
The yak bellows!
The centaur shoots an arrow.
The arrow barely misses you.
A yak comes into view.
The yak bellows! 2 yaks come into view.
The yak bellows!
The centaur shoots an arrow.
The arrow hits you!
A yak comes into view. x2
The centaur shoots an arrow.
The arrow hits you!
The yak bellows!
As you read the scroll of summoning, it crumbles to dust.
Wisps of shadow whirl around you...
The centaur shoots an arrow.
The arrow hits you!
* * * LOW HITPOINT WARNING * * *
The centaur shoots an arrow.
The arrow barely misses you.
The centaur shoots an arrow.
The arrow hits your scorpion!
Your scorpion stings the centaur.
The centaur is poisoned.
Your scorpion poisons the centaur!
The centaur shoots an arrow.
The arrow hits your scorpion.
Your scorpion stings the centaur but does no damage.
Your dart slug launches a dart at the centaur.
The slug dart hits the centaur but does no damage.
The centaur shoots an arrow.
The arrow hits your scorpion!
Your scorpion dies!
Your scorpion's corpse dissolves into shadows!
As you read the scroll of summoning, it crumbles to dust.
Wisps of shadow whirl around you...
Your adder bites the centaur.
The centaur shoots an arrow.
The arrow barely misses you.
Your adder bites the centaur but does no damage.
The centaur shoots an arrow.
The arrow hits your adder!
Your adder dies!
Your adder's corpse dissolves into shadows!
Your dart slug bites the centaur but does no damage.
The centaur shoots an arrow.
The arrow closely misses you.
Your adder bites the centaur.
The yak gores your dart slug but does no damage.
The centaur shoots an arrow.
The arrow hits you!
You die...

#.....# #.....# ####.....#
#........# #........#
#.!......# #[.YY.S..### ###
#..Ywc.....# #..
....YY#######@# #.# ......
#.# #.# ..... #.### #.# .YY..
#...###.# .YY. ###.....# ....
##...## #.#.######## #.
#..............
#####################..######
#..


You could see 3 yaks, a centaur (very poisoned, ally target), a friendly adder
(summoned) and a friendly dart slug (summoned).

Vanquished Creatures
  The ghost of passusers the Chopper, an amateur MiBe of Trog (D:4)
  2 black bears
  A phantom (D:4)
  Blork the orc (D:4)
  A scorpion (D:5)
  An orc wizard (D:4)
  Terence (D:2)
  Robin (D:2)
  4 gnolls (D:4)
  5 adders
  4 dart slugs
  5 orcs (D:5)
  8 endoplasms
  2 giant cockroaches (D:1)
  10 hobgoblins
  4 jackals
  2 kobolds (D:3)
  6 quokkas
  6 ball pythons
  5 bats
  3 frilled lizards
  13 goblins
  8 rats
94 creatures vanquished.

Notes
Turn   | Place    | Note
-------+----------+-------------------------------------------
     0 | D:1      | muata the Minotaur Monk began the quest for the Orb.
     0 | D:1      | Reached XP level 1. HP: 19/19 MP: 0/0
    94 | D:1      | Reached skill level 4 in Unarmed Combat
    94 | D:1      | Reached XP level 2. HP: 26/26 MP: 1/1
   523 | D:1      | Reached XP level 3. HP: 25/31 MP: 2/2
   722 | D:2      | Noticed Terence
   724 | D:2      | Killed Terence
   725 | D:2      | Reached skill level 5 in Unarmed Combat
   861 | D:2      | Noticed Robin
   873 | D:2      | Reached XP level 4. HP: 25/39 MP: 3/3
   885 | D:2      | Killed Robin
  1486 | D:3      | Noticed a black bear
  1493 | D:3      | Killed a black bear
  1494 | D:3      | Reached skill level 6 in Unarmed Combat
  1494 | D:3      | Reached XP level 5. HP: 13/45 MP: 4/4
  2005 | D:4      | Noticed Blork the orc
  2012 | D:4      | Killed Blork the orc
  2013 | D:4      | Reached skill level 7 in Unarmed Combat
  2013 | D:4      | Reached XP level 6. HP: 33/51 MP: 5/5
  2141 | D:4      | Found a runed translucent door.
  2365 | D:4      | Reached skill level 8 in Unarmed Combat
  2439 | D:4      | Noticed passusers's ghost (amateur MiBe)
  2791 | D:4      | Killed passusers's ghost
  2792 | D:4      | Reached skill level 9 in Unarmed Combat
  2792 | D:4      | Reached XP level 7. HP: 26/57 MP: 6/6
  3016 | D:5      | Entered Level 5 of the Dungeon
  3356 | D:5      | Reached skill level 10 in Unarmed Combat
  3438 | D:5      | Noticed a yak
  3438 | D:5      | Noticed a yak
  3439 | D:5      | Noticed a yak
  3439 | D:5      | Noticed a yak
  3439 | D:5      | Noticed a yak
  3439 | D:5      | Noticed a yak
  3447 | D:5      | Shot with an arrow by a centaur

Illustrated notes

Levels and vault maps discovered:
D:1:      lordsloth_arrival_two_stooges, layout_rooms, serial_forest,
          infiniplex_forest_straight_1, infiniplex_forest_diagonal,
          infiniplex_forest_clump_medium, infiniplex_forest_end_3,
          infiniplex_forest_lined_room_2, infiniplex_forest_lined_4_way,
          infiniplex_forest_lined_room_2
D:2:      layout_rooms, uniq_terence, uniq_robin
D:3:      layout_basic, minmay_gold_behind_fungi
D:4:      wander_river, layout_basic, ebering_ghost_inner_flame,
          uniq_blork_the_orc
D:5:      layout_basic

Skill      XL: |  1  2  3  4  5  6  7 |
---------------+----------------------+-----
Unarmed Combat | 4 5 6 7 9 10 | 10.1
Fighting       | |  3.6
Dodging        | |  3.2

Action                     |  1- 3 |  4- 6 |  7- 9 || total
---------------------------+-------+-------+-------++-------
  Melee: Unarmed           |    59 |   114 |    17 ||   190
         Headbutt          |    11 |    21 |     5 ||    37
  Throw: Dart              |       |     2 |       ||     2
    Use: Scroll            |       |     1 |     4 ||     5
 Armour: Robe              |     7 |    18 |     4 ||    29
  Dodge: Dodged            |    37 |    58 |    13 ||   108

Table legend: (Time is in decaauts)
 A = Elapsed time spent in this place.
 B = Non-inter-level travel time spent in this place.
 C = Inter-level travel time spent in this place.
 D = Time resting spent in this place.
 E = Time spent auto-exploring this place.
 F = Levels seen in this place.
 G = Mean time per level.
                   A        B        C        D        E       F      G
               +--------+--------+--------+--------+--------+-----+--------+
         Total |   3452 |   3452 |      0 |    532 |   2173 |   5 |  690.4 |
       Dungeon |   3452 |   3452 |      0 |    532 |   2173 |   5 |  690.4 |
               +--------+--------+--------+--------+--------+-----+--------+

Top non-repeatable levels by time:
     D:4: 939 daAuts
     D:3: 930 daAuts
     D:1: 630 daAuts
     D:2: 523 daAuts
     D:5: 427 daAuts
